 Dungeon Crawl Stone Soup version 0.17-a0-1767-gccbed74 (console) character file.

29 utis the Sneak (level 3, 16/16 HPs)
             Began as a Vine Stalker Enchanter on Sept 3, 2015.
             Quit the game on level 1 of the Dungeon on Sept 6, 2015.
             The game lasted 00:04:30 (1386 turns).

utis the Sneak (Vine Stalker Enchanter)             Turns: 1386, Time: 00:04:30

Health: 16/16      AC:  3    Str: 10    XL:     3   Next: 16%
Magic:  7/7        EV: 12    Int: 16    God:
Gold:   37         SH:  0    Dex: 14    Spells: 2 memorised, 3 levels left

rFire  . . .     SeeInvis .     a - +1 dagger
rCold  . . .     Clarity  .     b - +1 robe
rNeg   . . .     SustAt   .     (no shield)
rPois  .         Gourm    .     (no helmet)
rElec  .         Spirit   +     (no cloak)
rCorr  .         Warding  .     (no gloves)
rMut   .         Stasis   .     (no boots)
MR     .....                    (no amulet)
Stlth  ++........               (no ring)
                                (no ring)

@: not resistant to hostile enchantments, unstealthy
A: fangs 2, regeneration 1, magic shield, antimagic bite, no device heal 3, rot
immunity
a: no special abilities


You were on level 1 of the Dungeon.
You were not hungry.

You visited 1 branch of the dungeon, and saw 1 of its levels.

You collected 37 gold pieces.

Inventory:

Hand weapons
 a - a +1 dagger (weapon)
 e - a +0 short sword
Missiles
 g - 22 sling bullets
 j - 16 poisoned needles
 m - 47 stones (quivered)
Armour
 b - a +1 robe (worn)
Jewellery
 h - an uncursed amulet of resist corrosion {unknown}
Scrolls
 k - a scroll of fear {unknown}
 l - a scroll of identify {unknown}
Potions
 i - a potion of magic {unknown}
Books
 c - a book of Maledictions

   Spells                             Type                      Level
   a - Corona                         Hexes                        1
   b - Ensorcelled Hibernation        Hexes/Ice                    2
   c - Confuse                        Hexes                        3
   d - Tukima's Dance                 Hexes                        3
   e - Dazzling Spray                 Conjuration/Hexes            3
Comestibles
 d - a bread ration
 f - a chunk of flesh


   Skills:
 - Level 2.2 Short Blades
 - Level 1.5 Dodging
 - Level 3.6 Stealth
 + Level 2.3 Spellcasting
 * Level 3.2 Hexes
 + Level 0.4 Ice Magic


You had 3 spell levels left.
You knew the following spells:

 Your Spells              Type           Power        Failure   Level  Hunger
a - Corona                Hex            ##.....      8%          1    #......
e - Ensorcelled Hibernat  Hex/Ice        #.....       17%         2    ###....


Dungeon Overview and Level Annotations

Branches:
Dungeon (1/15)

Altars:


Innate Abilities, Weirdness & Mutations

You have extremely sharp teeth.
Your natural rate of healing is unusually fast.
When hurt, damage is shared between your health and your magic reserves.
Your bite disrupts and absorbs the magic of your enemies.
Potions and wands cannot restore your health.
You are immune to rotting.


Message History

The helpless gnoll fails to defend itself.
You puncture the gnoll!
You kill the gnoll!
You have reached level 3!
Your experience leads to an increase in your attributes!
Increase (S)trength, (I)ntelligence, or (D)exterity?
You feel clever.
You see here a whip.
You start resting.
Magic restored.
You see here a goblin skeleton.
You see here a whip.
Invalid glyph override: 0 Welcome back, utis the Vine Stalker Enchanter.
Press ? for a list of commands and other information.
Saving game... please wait.
Invalid glyph override: 0 Welcome back, utis the Vine Stalker Enchanter.
Press ? for a list of commands and other information.
Are you sure you want to abandon this character and quit the game? (Confirm with "yes".)

▓▓▓.▓▓▓▓▓.▓...▓▓▓▓.........▓▓▓▓..
▓▓▓.▓ ▓.▓▓.▓▓ ▓.......▓ ▓.. ....▓
▓.▓▓▓▓ ▓....>▓ ▓.▓ ▓▓▓▓▓ ▓.▓
▓...▓ ▓.▓ ▓.▓ ▓▓'▓▓ ▓.. ▓.▓ ▓.▓
▓▓▓ ▓.▓ ▓.▓ ▓.▓ ▓▓▓▓▓▓▓▓▓.▓▓ ▓.▓
▓..f÷......▓▓ ▓.▓▓▓▓.▓▓▓▓▓.....▓▓
▓.................▓▓▓▓▓▓▓
▓▓▓▓▓▓.▓▓..▓▓............
▓.▓▓▓▓▓▓▓▓▓▓▓▓▓▓▓▓▓▓
▓.▓O▓i▓9▓e▓d▓g▓p▓p▓H
▓▓▓▓▓▓▓▓▓▓▓▓▓▓▓▓▓▓▓▓▓
▓..'.................
▓▓.▓▓▓▓▓▓▓▓▓▓▓▓▓▓▓▓▓▓▓


There were no monsters in sight!

Vanquished Creatures
  A gnoll (D:1)
  5 bats (D:1)
  A goblin (D:1)
  5 hobgoblins (D:1)
  4 kobolds (D:1)
  2 rats (D:1)
18 creatures vanquished.

Notes
Turn   | Place    | Note
--------------------------------------------------------------
     0 | D:1      | utis the Vine Stalker Enchanter began the quest for the Orb.
     0 | D:1      | Reached XP level 1. HP: 9/9 MP: 4/4
     2 | D:1      | Noticed a human
     2 | D:1      | Noticed a vine stalker
     6 | D:1      | Noticed a tengu
     8 | D:1      | Noticed a formicid
    10 | D:1      | Noticed a minotaur
    10 | D:1      | Noticed a merfolk
    12 | D:1      | Noticed a troll
    14 | D:1      | Noticed a demigod
    14 | D:1      | Noticed a centaur
    16 | D:1      | Noticed a dwarf
    16 | D:1      | Noticed a naga
    18 | D:1      | Noticed a draconian
    18 | D:1      | Noticed a felid
    20 | D:1      | Noticed an elf
    20 | D:1      | Noticed a demonspawn
    22 | D:1      | Noticed a gargoyle
    22 | D:1      | Noticed a vampire
    24 | D:1      | Noticed a spriggan
    24 | D:1      | Noticed an octopode
    26 | D:1      | Noticed an ogre
    26 | D:1      | Noticed a ghoul
    57 | D:1      | Reached skill level 1 in Short Blades
   328 | D:1      | Reached XP level 2. HP: 10/13 MP: 4/6
  1113 | D:1      | Learned a level 2 spell: Ensorcelled Hibernation
  1340 | D:1      | Reached XP level 3. HP: 16/16 MP: 2/7
  1386 | D:1      | Upgraded the game from 0.17-a0-1760-ga6756ae to 0.17-a0-1763-g847a857
  1386 | D:1      | Upgraded the game from 0.17-a0-1763-g847a857 to 0.17-a0-1767-gccbed74
  1386 | D:1      | Quit the game

Vault maps used:
D:1:      kb_arrival_jail

Action                   || total
-------------------------++-------
Melee: Dagger            ||    48
 Cast: Corona            ||    15
       Ensorcelled Hiber ||     4
 Stab: Sleeping          ||     5
  Eat: Chunk             ||     2
